 Dungeon Crawl Stone Soup version 0.28.0-53-g5a82cb258f (webtiles) character file.

Game seed: 15409804866375122731

21 Spectrina the Ducker (level 2, -1/18 HPs)
             Began as a Deep Elf Monk on May 18, 2022.
             Was a Believer of Fedhas.
             Succumbed to an adder's poison
             ... on level 4 of the Dungeon on May 22, 2022.
             The game lasted 00:05:02 (551 turns).

Spectrina the Ducker (Deep Elf Monk)                 Turns: 551, Time: 00:05:02

Health: -1/18      AC:  2    Str:  8    XL:     2   Next: 62%
Magic:  4/4        EV: 13    Int: 14    God:    Fedhas [**....]
Gold:   32         SH:  0    Dex: 17    Spells: 1/1 levels left

rFire   . . .      SeeInvis .   a - +0 spear
rCold   . . .      Faith    .   (no shield)
rNeg    . . .      Spirit   .   b - +0 robe
rPois   .          Reflect  .   (no helmet)
rElec   .          Harm     .   (no cloak)
rCorr   .          Rampage  .   (no gloves)
Will    .....                   (no boots)
Stlth   ++........              (no amulet)
HPRegen 0.06/turn               (no ring)
MPRegen 0.09/turn               (no ring)

@: brilliant, lethally poisoned (-1 -> -12)
A: no striking features
a: Renounce Religion, Wall of Briars


You were on level 4 of the Dungeon.
You worshipped Fedhas.
Fedhas was pleased with you.
You visited 1 branch of the dungeon, and saw 5 of its levels.

You collected 32 gold pieces.

Inventory:

Hand Weapons
 a - a +0 spear (weapon)
 f - a +2 dagger of holy wrath
Missiles
 c - 15 bolts
 g - 4 stones (quivered)
Armour
 b - a +0 robe (worn)
Scrolls
 e - a scroll of fog {unknown}


   Skills:
 - Level 2.4 Fighting
 + Level 2.8 Polearms
 - Level 3.6 Dodging
 - Level 2.4 Stealth
 * Level 1.0 Invocations


You had one spell level left.
You didn't know any spells.
Your spell library was empty.

Dungeon Overview and Level Annotations

Branches:
Dungeon (5/15)
 Temple: D:4-7

Altars:
Fedhas


Message History

You hit the kobold.
The kobold is heavily wounded.
The kobold misses you.
You hit the kobold.
You kill the kobold!
Fedhas appreciates your contribution to the ecosystem.
The adder barely misses you.
Your Invocations skill increases to level 1!
You closely miss the adder. The adder bites you but does no damage.
You closely miss the adder. The adder bites you but does no damage.
You hit the adder.
The adder is heavily wounded.
The adder misses you. The adder bites you.
You are lethally poisoned!
The adder poisons you!
You hit the adder.
The adder is severely wounded.
* * * LOW HITPOINT WARNING * * *
You feel sick. The adder closely misses you.
It was a potion of brilliance.
You feel clever all of a sudden.
* * * LOW HITPOINT WARNING * * *
You feel sick. The adder closely misses you.
Unknown command.
You closely miss the adder.
The adder is heavily wounded.
* * * LOW HITPOINT WARNING * * *
You feel sick. The adder closely misses you.
You closely miss the adder.
The adder is heavily wounded.
* * * LOW HITPOINT WARNING * * *
You feel sick. The adder closely misses you. The adder bites you.
* * * LOW HITPOINT WARNING * * *
You are more poisoned.
The adder poisons you!
Unknown command.
You closely miss the adder.
The adder is heavily wounded.
You die...
Fedhas appreciates your contribution to the ecosystem.

#...#.# ####.....#
.... #.# ##...## ###.
#.# ###.# .. #.# #.#
.# #s######## #.# .#
###...... #.##### #
#.. .K# # #.#... #.#
#S# #.##.#.#
####.###@###.#....####
#....................#
#.##.##.####.#....##.#
#.##.# #.##.#.# #
#.##.####.##.#.#
#.........##.#..
###>.#######†#### #
#..# ##.).## #.####..#
##.....##


You could see an adder and a kobold.

Vanquished Creatures
  2 ball pythons (D:2)
  A bat (D:1)
  2 giant cockroaches (D:2)
  A goblin (D:1)
  2 hobgoblins (D:2)
  4 jackals (D:3)
  5 kobolds
17 creatures vanquished.

Notes
Turn   | Place    | Note
-------+----------+-------------------------------------------
     0 | D:1      | Spectrina the Deep Elf Monk began the quest for the Orb.
     0 | D:1      | Reached XP level 1. HP: 13/13 MP: 3/3
   180 | D:2      | Reached XP level 2. HP: 15/18 MP: 4/4
   235 | D:3      | Found a blossoming altar of Fedhas.
   251 | D:3      | Upgraded the game from 0.28.0-49-g6dfe1f597d to
                  | 0.28.0-53-g5a82cb258f
   253 | D:3      | Became a worshipper of Fedhas Madash
   253 | D:3      | Reached * piety under Fedhas
   253 | D:3      | Reached ** piety under Fedhas
   362 | D:4      | Noticed a scorpion
   468 | D:5      | Entered Level 5 of the Dungeon
   472 | D:5      | Noticed a phantom
   544 | D:4      | Reached skill level 1 in Invocations
   551 | D:4      | Succumbed to an adder's poison

Illustrated notes

Levels and vault maps discovered:
D:1:      mainiacjoe_arrival_reflecting_pool, layout_loops_ring
D:2:      layout_basic, grunt_ministairs_4, uniq_sigmund, uniq_jessica
D:3:      layout_rooms, fedhas_altar_3, ebering_dispersal_statue_hall
D:4:      wad_crossroads, layout_loops_corners, serial_shops,
          nicolae_diamond_shop
D:5:      layout_basic, nemelex_diamond_rough_becter

Skill      XL: |  1  2 |
---------------+-------+-----
Invocations    | 1 |  1.0
Fighting       | |  2.4
Polearms       | |  2.8
Dodging        | |  3.6
Stealth        | |  2.4

Action                   || total
-------------------------++-------
Melee: Spear             ||    99
       Punch             ||     4
  Use: Potion            ||     2
 Stab: Sleeping          ||     4
Armor: Robe              ||    16
Dodge: Dodged            ||    63
